[Event "Titled Tuesday Blitz February 07 Late 2023"]
[White "Mazurkiewicz, Michal"]
[Black "Fernandez Guillen, Ernesto J."]
[WhiteFideId "1124943"]
[BlackFideId "3512428"]
[WhiteElo "2145"]
[BlackElo "2477"]
[Result "0-1"]
[Round "07"]
[TimeControl "180+2"]
[Date "2023.02.07"]
[WhiteClock "0:00:03"]
[BlackClock "0:00:31"]

1. e4 e5 2. Nf3 Nc6 3. d3 g6 4. g3 Bg7 5. Bg2 Nge7 6. O-O O-O 7. c3 d6 8. b4 h6 9. Bb2 f5 10. a4 g5 11. Nbd2 Ng6 12. b5 Nce7 13. d4 g4 14. Ne1 f4 15. f3 fxg3 16. hxg3 h5 17. Nd3 h4 18. fxg4 hxg3 19. Qe2 Nf4 20. Nxf4 exf4 21. Bf3 Ng6 22. Qg2 Qg5 23. Qh3 Kf7 24. Qh5 Qxh5 25. gxh5 Nh4 26. Bg4 Bh6 27. Bxc8 Raxc8 28. Nf3 Nxf3+ 29. Rxf3 Ke6 30. Kg2 Rg8 31. Bc1 Rg4 32. Bd2 Rcg8 33. Raf1 Rf8 34. c4 Rh4 35. Rh1 Rxh1 36. Kxh1 c6 37. Kg2 d5 38. cxd5+ cxd5 39. exd5+ Kxd5 40. Rc3 f3+ 41. Rxf3 Rxf3 42. Kxf3 Bxd2 43. Kxg3 Kxd4 44. Kg4 Kc5 45. b6 Kxb6 46. Kf5 Ka5 47. h6 Kxa4 48. h7 Bc3 49. Ke4 Bh8 50. Kd3 Kb3 51. Ke4 0-1


[Site "https://www.chess.com"]

[Event "Titled Tuesday Blitz February 07 Late 2023"]
[White "Tanenbaum, Zachary"]
[Black "Matko, Ognjen"]
[WhiteFideId "2060850"]
[BlackFideId "14509717"]
[WhiteElo "2261"]
[BlackElo "2295"]
[Result "1-0"]
[Round "07"]
[TimeControl "180+2"]
[Date "2023.02.07"]
[WhiteClock "0:00:12"]
[BlackClock "0:00:01"]

1. e4 e5 2. Nf3 Nc6 3. Bc4 Bc5 4. c3 Nf6 5. d3 d6 6. Nbd2 a6 7. a4 Ba7 8. Nf1 O-O 9. Ng3 Qe7 10. O-O Be6 11. Bxe6 fxe6 12. d4 exd4 13. cxd4 e5 14. d5 Nd4 15. Nxd4 exd4 16. Qd3 Ng4 17. Nf5 Qe5 18. f4 Qf6 19. h3 Nh6 20. Nxh6+ Qxh6 21. Bd2 Rf7 22. Rf3 Re8 23. Re1 Qh4 24. Re2 Rfe7 25. Be1 Qh5 26. Bf2 Qg6 27. Rg3 Qf6 28. Rg4 h5 29. Bh4 Qf7 30. Rg3 Rd7 31. f5 c5 32. f6 g6 33. b3 c4 34. bxc4 Re5 35. Kh2 Kh7 36. Rf3 Rc7 37. Bg3 b5 38. axb5 axb5 39. c5 Bxc5 40. Bxe5 dxe5 41. Qxb5 Bd6 42. Qd3 Rc3 43. Qa6 Rxf3 44. gxf3 Qxf6 45. Qb7+ Kh6 46. Kg2 Qf4 47. Qa6 Qg5+ 48. Kf1 Bc5 49. Qd3 1-0


[Site "https://www.chess.com"]

[Event "Titled Tuesday Blitz February 07 Late 2023"]
[White "Cardoso Cardoso, Jose Gabriel"]
[Black "Urbina Perez, Juan Antonio"]
[WhiteFideId "4430492"]
[BlackFideId "2217368"]
[WhiteElo "2492"]
[BlackElo "2266"]
[Result "1-0"]
[Round "07"]
[TimeControl "180+2"]
[Date "2023.02.07"]
[WhiteClock "0:02:37"]
[BlackClock "0:01:58"]

1. c4 c6 2. g3 d5 3. Bg2 Nf6 4. Qc2 g6 5. Nf3 Bg7 6. O-O O-O 7. d3 dxc4 8. Qxc4 Be6 9. Qc2 Nbd7 10. Nbd2 Nb6 11. Nb3 a5 12. Nc5 Bc8 13. Bd2 Nbd7 14. Na4 Nb6 15. Rac1 Nxa4 16. Qxa4 Bd7 17. Rfd1 Nd5 18. Qb3 Qc8 19. d4 Nb4 20. e4 Be6 21. d5 Bh3 22. a3 1-0


[Site "https://www.chess.com"]

[Event "Titled Tuesday Blitz February 07 Late 2023"]
[White "Rodriguez Fontecha, Marcos"]
[Black "Starozhilov, Leonid"]
[WhiteFideId "2256576"]
[BlackFideId "14106752"]
[WhiteElo "2309"]
[BlackElo "2313"]
[Result "0-1"]
[Round "07"]
[TimeControl "180+2"]
[Date "2023.02.07"]
[WhiteClock "0:00:03"]
[BlackClock "0:00:07"]

1. Nf3 Nf6 2. g4 g6 3. g5 Nd5 4. c4 Nb6 5. c5 Nd5 6. Qb3 c6 7. e4 Nc7 8. Qc3 Rg8 9. h4 d5 10. cxd6 exd6 11. d4 Bg7 12. Be3 Bg4 13. Be2 Ne6 14. Nbd2 Nd7 15. O-O-O c5 16. Bc4 Rc8 17. Kb1 Qb6 18. Bxe6 fxe6 19. dxc5 Bxc3 20. cxb6 Bxd2 21. Nxd2 Bxd1 22. Rxd1 Nxb6 23. Nb3 Ke7 24. Na5 Rc7 25. b3 Rgc8 26. Rd2 Nd7 27. Nc4 Rxc4 28. bxc4 Rxc4 29. f3 b5 30. Bxa7 Ne5 31. Bb8 Rc6 32. f4 Nc4 33. Rf2 Na3+ 34. Kb2 Nc4+ 35. Kb1 Ra6 36. e5 d5 37. Bc7 Kd7 38. Bb8 Ra8 39. Bd6 Nxd6 40. exd6 Kxd6 41. Rc2 Ra4 42. Rf2 Re4 43. Kc2 b4 44. Kd3 Rc4 45. Rf3 Rc3+ 46. Ke2 Rxf3 47. Kxf3 e5 48. Ke3 exf4+ 49. Kxf4 Ke6 0-1


[Site "https://www.chess.com"]

[Event "Titled Tuesday Blitz February 07 Late 2023"]
[White "Dudzinski, Pawel"]
[Black "Vlassov, Nikolai"]
[WhiteFideId "1117890"]
[BlackFideId "4103360"]
[WhiteElo "2186"]
[BlackElo "2283"]
[Result "1-0"]
[Round "07"]
[TimeControl "180+2"]
[Date "2023.02.07"]
[WhiteClock "0:00:11"]
[BlackClock "0:00:14"]

1. e4 c5 2. c4 g6 3. Nc3 Bg7 4. g3 h5 5. h3 d6 6. Bg2 Nc6 7. Nge2 Nh6 8. Rb1 f5 9. d3 h4 10. exf5 gxf5 11. O-O hxg3 12. fxg3 Nd4 13. Be3 a6 14. Qd2 Rb8 15. Rbe1 b5 16. cxb5 axb5 17. Nd5 Nf7 18. Nxd4 cxd4 19. Bg5 Nxg5 20. Rxe7+ Qxe7 21. Nxe7 Nxh3+ 22. Bxh3 Bh6 23. Qa5 Be3+ 24. Kg2 Bb7+ 25. Rf3 Kxe7 26. Qc7+ Kf6 27. Qxd6+ Kg5 28. Qe7+ Kg6 29. Bxf5+ Kh6 30. Qf6+ Kh5 31. Qg6# 1-0


[Site "https://www.chess.com"]

[Event "Titled Tuesday Blitz February 07 Late 2023"]
[White "Averjanov, Alexey"]
[Black "Bozorov, Makhsum"]
[WhiteFideId "14109867"]
[BlackFideId "14201330"]
[WhiteElo "2399"]
[BlackElo "2145"]
[Result "1-0"]
[Round "07"]
[TimeControl "180+2"]
[Date "2023.02.07"]
[WhiteClock "0:01:47"]
[BlackClock "0:00:12"]

1. d4 Nf6 2. c4 g6 3. Nc3 d5 4. cxd5 Nxd5 5. e4 Nxc3 6. bxc3 Bg7 7. Nf3 c5 8. Be3 Qa5 9. Qd2 Nc6 10. Rc1 cxd4 11. cxd4 Qxd2+ 12. Kxd2 O-O 13. d5 Rd8 14. Ke1 Na5 15. Bg5 Bd7 16. Bd3 Rdc8 17. Ke2 e6 18. Rxc8+ Rxc8 19. Rc1 Rxc1 20. Bxc1 exd5 21. exd5 b5 22. Be3 a6 23. Nd4 Nc4 24. Bxc4 bxc4 25. Kd2 Bxd4 26. Bxd4 Kf8 27. Kc3 Bb5 28. Kb4 c3 29. Bxc3 Bf1 30. g3 Ke8 31. Kc5 Kd7 32. Be5 Be2 33. Bf4 Bf1 34. a3 Be2 35. Kd4 Bf1 36. Ke5 Bc4 37. d6 h5 38. Kf6 Bb3 39. h3 Be6 40. h4 Bb3 41. Be5 Ke8 42. Bc3 Bc4 43. a4 Bb3 44. a5 Bc4 45. Bb4 Bb3 46. Ke5 Bc4 47. Kd4 Bb3 48. Kc5 Kd7 49. Kb6 Bc4 50. Ba3 Be2 51. Kc5 Bd1 52. Kd5 Bb3+ 53. Ke5 Ke8 54. f3 Bd1 55. Kf4 Kd7 56. g4 Be2 57. Ke3 Bd1 58. Kf4 Be2 59. Bb4 Bd1 60. Kg3 Ke6 61. Bc5 Be2 62. Kf4 Bd1 63. Kg5 Bxf3 64. gxh5 Bxh5 65. Kh6 Be2 66. Kg7 Bc4 67. Kf8 Kd7 68. Kg7 Bb3 69. Kf6 Bc4 70. Ke5 Bb3 71. Be3 Ba2 72. Bf4 Bb3 73. Kd4 Kc6 74. Kc3 Be6 75. Bg3 Kb5 76. Kd4 Kxa5 77. Kc5 Bd7 78. Be1+ Ka4 79. Kb6 Kb3 80. Kc7 Be6 81. d7 Bxd7 82. Kxd7 f5 83. Ke6 f4 84. Ke5 f3 85. Ke4 a5 86. Kxf3 a4 87. Bg3 a3 88. Kg4 Kc4 89. Be5 Kd5 90. Ba1 Ke6 91. Kg5 Kf7 92. Kh6 g5 93. hxg5 1-0


[Site "https://www.chess.com"]

[Event "Titled Tuesday Blitz February 07 Late 2023"]
[White "Buchenau, Frank"]
[Black "Romanchuk, Viktor"]
[WhiteFideId "4604350"]
[BlackFideId "14109271"]
[WhiteElo "2222"]
[BlackElo "2266"]
[Result "1-0"]
[Round "07"]
[TimeControl "180+2"]
[Date "2023.02.07"]
[WhiteClock "0:00:39"]
[BlackClock "0:00:35"]

1. e4 c6 2. Nf3 d5 3. Nc3 dxe4 4. Nxe4 Nd7 5. Qe2 Ndf6 6. d3 Bf5 7. Bf4 e6 8. O-O-O h6 9. g3 Nd5 10. Bd2 Ngf6 11. Bg2 Be7 12. Ne5 Nd7 13. Nc4 N7b6 14. g4 Bh7 15. f4 Qc7 16. Rhf1 O-O-O 17. f5 exf5 18. gxf5 Rhe8 19. Qg4 Nxc4 20. dxc4 Nf6 21. Qxg7 Rg8 22. Qxf7 Rxg2 23. Nxf6 Bxf6 24. Qxf6 Qxh2 25. Qe6+ Rd7 26. Qxd7+ Kxd7 27. Bf4+ Ke7 28. Bxh2 Rxh2 29. f6+ Kf7 30. Rd7+ Kg8 1-0


[Site "https://www.chess.com"]

[Event "Titled Tuesday Blitz February 07 Late 2023"]
[White "Czopor, Maciej"]
[Black "Gutkin, Ilya"]
[WhiteFideId "21805431"]
[BlackFideId "16203470"]
[WhiteElo "2385"]
[BlackElo "2273"]
[Result "0-1"]
[Round "07"]
[TimeControl "180+2"]
[Date "2023.02.07"]
[WhiteClock "0:00:02"]
[BlackClock "0:00:03"]

1. c4 c5 2. Nc3 g6 3. b3 Bg7 4. h4 h6 5. Bb2 Nc6 6. g3 d6 7. Bg2 e6 8. d3 Nge7 9. Nf3 Nf5 10. O-O O-O 11. Qd2 Kh7 12. Rfd1 Qd7 13. a3 b6 14. b4 Bb7 15. Ne4 Ncd4 16. Nxd4 Nxd4 17. e3 Nb3 18. Qc2 Nxa1 19. Rxa1 f5 20. Nd2 Bxg2 21. Kxg2 Bxb2 22. Qxb2 Qg7 23. Qb1 e5 24. Qc2 f4 25. Ne4 fxe3 26. fxe3 Qd7 27. Qe2 Rf7 28. bxc5 dxc5 29. Rd1 Raf8 30. h5 Qc6 31. hxg6+ Qxg6 32. Rh1 Rf3 33. Rh4 Kg7 34. a4 h5 35. Qb2 R8f5 36. Qe2 Qc6 37. Rxh5 Rf2+ 38. Qxf2 Rxf2+ 39. Kxf2 Qxa4 40. Rxe5 Qc2+ 41. Kf3 Qxd3 42. Re7+ Kg6 43. Rxa7 Qf1+ 44. Nf2 Qxc4 45. e4 Qc3+ 46. Kf4 Qd2+ 47. Kf3 Qc3+ 48. Kf4 Qf6+ 49. Ke3 Qd4+ 50. Kf3 c4 51. Rc7 c3 52. Nh3 Qd1+ 53. Kf2 c2 54. Nf4+ Kf6 55. Ne2 b5 56. g4 b4 57. Rc6+ Ke7 58. g5 b3 59. g6 b2 60. Rc7+ Kf6 61. g7 c1=Q 62. Nxc1 bxc1=Q 63. Rxc1 Qd4+ 64. Kf3 Kxg7 65. Re1 Qd3+ 66. Re3 Qd7 67. e5 Kf8 68. e6 Qd4 69. Ke2 Ke7 70. Kf3 Qh4 71. Ke2 Qh7 72. Kf3 Qf5+ 73. Ke2 Qd5 74. Kf2 Qb7 75. Ke2 Qb4 76. Kf3 Qb2 77. Re2 Qf6+ 78. Kg2 Qg5+ 79. Kf1 Qf4+ 80. Ke1 Qc4 81. Re3 Qc2 82. Re2 Qc1+ 83. Kf2 Qf4+ 84. Ke1 Qf3 85. Kd2 Qb3 86. Ke1 Qh3 87. Kd2 Qa3 88. Ke1 Qc1+ 89. Kf2 Qd1 90. Kf3 Qf1+ 91. Rf2 Qd3+ 92. Kg2 Kxe6 93. Rf3 Qe4 94. Kf2 Qc2+ 95. Kg3 Ke5 96. Re3+ Kd4 97. Rf3 Ke4 98. Rf4+ Ke5 99. Rf3 Qe2 100. Rf2 Qe1 101. Kg2 Ke4 102. Rf3 Qe2+ 103. Rf2 Qg4+ 104. Kf1 Ke3 105. Rb2 Qd1+ 106. Kg2 Qd5+ 107. Kf1 Qh1# 0-1


[Site "https://www.chess.com"]

[Event "Titled Tuesday Blitz February 07 Late 2023"]
[White "Bilan, Danila"]
[Black "Aldokhin, Ivan"]
[WhiteFideId "24161918"]
[BlackFideId "24115720"]
[WhiteElo "2303"]
[BlackElo "2413"]
[Result "1-0"]
[Round "07"]
[TimeControl "180+2"]
[Date "2023.02.07"]
[WhiteClock "0:00:05"]
[BlackClock "0:00:01"]

1. d4 Nf6 2. Nf3 g6 3. Bg5 Bg7 4. c3 d6 5. Nbd2 Nbd7 6. e4 e5 7. dxe5 dxe5 8. Qc2 O-O 9. Bc4 Qe7 10. O-O Nc5 11. Rfe1 Ne6 12. Bh4 Nf4 13. Nf1 Bg4 14. N3d2 Rad8 15. Ne3 Bc8 16. Rad1 c6 17. Nf3 h6 18. a4 Qc5 19. b4 Qe7 20. Bg3 a5 21. bxa5 Qc5 22. Bb3 Ng4 23. Nc4 Be6 24. Qa2 Nd3 25. Rf1 Kh7 26. h3 Bxc4 27. Bxc4 Ngxf2 28. Bxf2 Nxf2 29. Qxf2 Qxc4 30. Qc2 Qc5+ 31. Kh2 Qxa5 32. Qb3 Qc7 33. Qc4 Rxd1 34. Rxd1 f5 35. exf5 e4+ 36. g3 exf3 37. fxg6+ Kh8 38. Qg4 f2 39. Kg2 Qe5 40. Rf1 Qe3 41. h4 Bxc3 42. Qh5 Qe4+ 43. Kh2 Bg7 44. a5 Qe3 45. Kg2 c5 46. Qd5 Qd4 47. Qxb7 c4 48. a6 c3 49. a7 Qa4 50. Rxf2 Rxf2+ 51. Kxf2 Qa2+ 52. Kf3 Qg8 53. a8=Q 1-0


[Site "https://www.chess.com"]

[Event "Titled Tuesday Blitz February 07 Late 2023"]
[White "Dzierzak, Radoslaw"]
[Black "Goroshkov, Maksym"]
[WhiteFideId "1161407"]
[BlackFideId "14142716"]
[WhiteElo "2220"]
[BlackElo "2287"]
[Result "0-1"]
[Round "07"]
[TimeControl "180+2"]
[Date "2023.02.07"]
[WhiteClock "0:00:02"]
[BlackClock "0:00:43"]

1. e4 e5 2. Nf3 d6 3. d4 Bg4 4. dxe5 Nd7 5. exd6 Bxd6 6. h3 Bh5 7. Nc3 Ngf6 8. g4 Bg6 9. Bd3 Qe7 10. Qe2 O-O-O 11. Nh4 Nc5 12. Nxg6 hxg6 13. Be3 Ncxe4 14. Nxe4 Nxe4 15. Bxa7 Bb4+ 16. c3 Rxd3 17. Qxd3 Nxc3+ 18. Kf1 Ne4 19. a3 Rd8 20. Qe3 Bd6 21. Re1 f5 22. Kg2 Qh4 23. Qf3 Rf8 24. gxf5 gxf5 25. Be3 Rf6 26. Kf1 Bc5 27. Ke2 Bxe3 28. Qxe3 Re6 29. Kf1 f4 30. Qd4 f3 31. Rxe4 Rxe4 32. Qxg7 b6 33. Qg8+ Kb7 34. Qd5+ Ka7 35. Qd7 Rc4 36. Kg1 Rc1+ 37. Kh2 Qxf2# 0-1


[Site "https://www.chess.com"]

[Event "Titled Tuesday Blitz February 07 Late 2023"]
[White "Hristodoulou, Panagiotis"]
[Black "Fernandez Garcia, Gumersindo"]
[WhiteFideId "4214340"]
[BlackFideId "24516740"]
[WhiteElo "2372"]
[BlackElo "2160"]
[Result "0-1"]
[Round "07"]
[TimeControl "180+2"]
[Date "2023.02.07"]
[WhiteClock "0:01:10"]
[BlackClock "0:00:45"]

1. e4 c5 2. Nf3 g6 3. d4 cxd4 4. Nxd4 Bg7 5. c4 Nc6 6. Be3 Nf6 7. Nc3 Ng4 8. Qxg4 Nxd4 9. Qd1 e5 10. Bd3 O-O 11. O-O d6 12. Rc1 Be6 13. Qd2 Rc8 14. b3 a6 15. f4 f5 16. exf5 gxf5 17. Bb1 b5 18. cxb5 axb5 19. Bxd4 exd4 20. Nxb5 Qb6 21. Bd3 Bd7 22. Na3 Kh8 23. Rfe1 Bc6 24. Re7 Qd8 25. Rce1 Be4 26. Rxg7 Kxg7 27. Bxe4 fxe4 28. Qxd4+ Qf6 29. Qxe4 Rce8 30. Qb1 Qxf4 31. Rf1 Qb4 32. Nc4 Rxf1+ 33. Qxf1 Re1 0-1


[Site "https://www.chess.com"]

[Event "Titled Tuesday Blitz February 07 Late 2023"]
[White "Cori T., Deysi"]
[Black "Mikhalsky, Vladimir"]
[WhiteFideId "3801934"]
[BlackFideId "14144352"]
[WhiteElo "2362"]
[BlackElo "2219"]
[Result "0-1"]
[Round "07"]
[TimeControl "180+2"]
[Date "2023.02.07"]
[WhiteClock "0:00:30"]
[BlackClock "0:00:14"]

1. Nf3 c5 2. e3 g6 3. d4 Bg7 4. Nbd2 Nf6 5. dxc5 O-O 6. Nb3 Qc7 7. Bd3 a5 8. a4 Na6 9. Bxa6 Rxa6 10. Qe2 Ne4 11. Qb5 b6 12. O-O Nxc5 13. Nfd4 Ra8 14. Qe2 Ba6 15. Nb5 Qc6 16. N3d4 Bxd4 17. exd4 Nxa4 18. c4 Rfc8 19. b3 Bxb5 20. cxb5 Nc3 21. Qxe7 Qe6 22. Qh4 Ne2+ 23. Kh1 Nxc1 24. Raxc1 Qxb3 25. Rb1 Qd5 26. Rfe1 Re8 27. Qf6 Qxb5 28. h4 Qc6 29. Qf4 a4 30. Rec1 Qe4 31. Qf6 Qe6 32. Qf3 a3 33. Ra1 a2 34. d5 Qe4 35. Qf6 Qxd5 36. Kh2 Qe5+ 37. Qxe5 Rxe5 38. Rc2 Rea5 39. Rb2 b5 40. g4 Ra4 41. Kg3 b4 42. f3 Rb8 43. Raxa2 Rxa2 44. Rxa2 b3 45. Rb2 d5 46. Kf4 f6 47. Ke3 Rb4 48. Kd3 Kf7 49. Kc3 Rb7 50. Kd4 Ke6 51. Kc5 Ke5 52. h5 gxh5 53. gxh5 d4 54. Kc4 Rc7+ 55. Kd3 Rc3+ 56. Ke2 Kf4 57. Kd2 Rc2+ 58. Rxc2 bxc2 59. Kxc2 Kxf3 60. Kd3 Kg4 61. h6 Kg5 62. Kxd4 Kxh6 63. Ke4 Kg5 64. Kf3 Kf5 65. Kg3 Ke4 66. Kh4 f5 67. Kg3 Ke3 68. Kh4 f4 69. Kg5 f3 70. Kh6 f2 71. Kxh7 f1=Q 72. Kg6 Qf4 73. Kg7 Qd6 74. Kf7 Kf4 75. Kg7 Kg5 76. Kf7 Qd7+ 77. Kg8 Kf6 78. Kh8 Qg7# 0-1


[Site "https://www.chess.com"]

[Event "Titled Tuesday Blitz February 07 Late 2023"]
[White "Forgacs, Attila Jr."]
[Black "Koc, Przemyslaw"]
[WhiteFideId "773654"]
[BlackFideId "1109081"]
[WhiteElo "2264"]
[BlackElo "2346"]
[Result "0-1"]
[Round "07"]
[TimeControl "180+2"]
[Date "2023.02.07"]
[WhiteClock "0:00:07"]
[BlackClock "0:01:58"]

1. e4 e5 2. Nf3 Nf6 3. Nxe5 Nxe4 4. Qe2 Qe7 5. Qxe4 d6 6. d4 dxe5 7. dxe5 Nc6 8. Bb5 Bd7 9. O-O O-O-O 10. Nc3 a6 11. Ba4 Nxe5 12. Bxd7+ Rxd7 13. Bf4 Ng6 14. Bg3 Qxe4 15. Nxe4 Be7 16. Rad1 Rhd8 17. Rxd7 Rxd7 18. Re1 f5 19. Nc3 f4 20. Kf1 fxg3 21. hxg3 c6 22. Re2 Kc7 23. f4 h6 24. Kf2 Bc5+ 25. Kf3 Bd4 26. Ne4 Bxb2 27. c3 Ba3 28. g4 Ne7 29. f5 Nd5 30. c4 Nf6 31. Nc3 Bc5 32. Na4 Rd3+ 33. Kf4 Bd6+ 34. Re5 Nd7 0-1


[Site "https://www.chess.com"]

[Event "Titled Tuesday Blitz February 07 Late 2023"]
[White "Mesa Cruz, Juan Carlos"]
[Black "Chan, Luis"]
[WhiteFideId "6423400"]
[BlackFideId "3216357"]
[WhiteElo "2122"]
[BlackElo "2208"]
[Result "0-1"]
[Round "07"]
[TimeControl "180+2"]
[Date "2023.02.07"]
[WhiteClock "0:00:58"]
[BlackClock "0:00:25"]

1. e4 e6 2. Qe2 Be7 3. Nf3 d5 4. exd5 exd5 5. g3 Nf6 6. Bg2 O-O 7. O-O Re8 8. d3 Bg4 9. h3 Bh5 10. Qd1 Nc6 11. c3 d4 12. c4 h6 13. Bf4 Bd6 14. Bxd6 Qxd6 15. a3 a5 16. Nbd2 Bg6 17. Qc2 Nd7 18. Rfe1 Nc5 19. Ne4 Nxe4 20. dxe4 d3 21. Qc3 Bxe4 22. Rad1 Rad8 23. Re3 Bxf3 24. Rxf3 Nd4 25. Kh2 Nxf3+ 26. Bxf3 b6 27. Bd5 c6 28. Bf3 d2 29. Kg2 Re6 30. Qb3 Qd4 31. Qc2 Re1 32. b4 Rxd1 33. Bxd1 Qd3 34. Qxd3 Rxd3 35. c5 bxc5 36. bxa5 Rxa3 37. Kf1 Rxa5 38. Ke2 Ra2 39. Kd3 Kf8 40. f4 Ke7 41. g4 f5 0-1


[Site "https://www.chess.com"]

[Event "Titled Tuesday Blitz February 07 Late 2023"]
[White "Aguilar, Juan"]
[Black "Aggelis, Nikolaos"]
[WhiteFideId "3800091"]
[BlackFideId "4213220"]
[WhiteElo "2254"]
[BlackElo "2270"]
[Result "0-1"]
[Round "07"]
[TimeControl "180+2"]
[Date "2023.02.07"]
[WhiteClock "0:00:03"]
[BlackClock "0:01:26"]

1. Nf3 Nf6 2. g3 g6 3. Bg2 Bg7 4. O-O O-O 5. d3 d5 6. Nc3 Nc6 7. e4 e5 8. exd5 Nxd5 9. Nxe5 Nxc3 10. Nxc6 Nxd1 11. Nxd8 Nxb2 12. Bxb2 Bxb2 13. Rab1 Rxd8 14. Rxb2 c6 15. Re1 Kf8 16. h4 Re8 17. Rxe8+ Kxe8 18. h5 Kd8 19. h6 Kc7 20. a4 Bd7 21. Rb4 a5 22. Rf4 Be6 23. Rd4 Ra6 24. f4 b5 25. Kf2 b4 26. Re4 c5 27. Re5 Kd6 28. Bf3 Rb6 29. Ke1 b3 30. cxb3 Rxb3 31. Kd2 Ra3 32. Re4 Bd5 33. Re3 Bxf3 34. Rxf3 Rxa4 35. f5 g5 36. Re3 Ra2+ 37. Ke1 Rh2 38. Re8 Rxh6 39. Ra8 Ke5 40. Rxa5 Rc6 41. Kf2 Kxf5 42. d4 Kg4 43. Rxc5 Rd6 44. d5 h5 45. Kg2 Kf5 46. Kf3 Ke5 47. Rc7 Rf6+ 48. Ke3 Kxd5 49. Ra7 Ke5 50. Ra5+ Ke6 51. Rxg5 Rf5 52. Rg8 Kf6 53. Rh8 Kg7 54. Rc8 Kf6 55. Rc6+ Kg5 56. Rc8 Kg4 57. Rg8+ Rg5 58. Rh8 Kxg3 59. Ke4 h4 60. Rf8 Rg7 0-1


[Site "https://www.chess.com"]

[Event "Titled Tuesday Blitz February 07 Late 2023"]
[White "Kavutskiy, Konstantin"]
[Black "Haszon, David"]
[WhiteFideId "2026384"]
[BlackFideId "733610"]
[WhiteElo "2414"]
[BlackElo "2264"]
[Result "1-0"]
[Round "07"]
[TimeControl "180+2"]
[Date "2023.02.07"]
[WhiteClock "0:01:16"]
[BlackClock "0:00:07"]

1. d4 Nf6 2. Bg5 e6 3. Nd2 d5 4. e3 h6 5. Bh4 Be7 6. Bd3 b6 7. f4 Ba6 8. Bxa6 Nxa6 9. Bxf6 Bxf6 10. Ngf3 c5 11. c3 O-O 12. O-O b5 13. Ne5 Bxe5 14. fxe5 f5 15. exf6 Rxf6 16. Qg4 b4 17. Rxf6 Qxf6 18. Rf1 Qe7 19. e4 bxc3 20. bxc3 cxd4 21. cxd4 Nc7 22. Nf3 Rf8 23. Rc1 dxe4 24. Ne5 Qf6 25. h3 Nd5 26. Nd7 Qf2+ 27. Kh1 Rf5 28. Qxe4 Qe3 29. Rc8+ Kh7 30. Nf8+ Kg8 31. Nxe6+ Kf7 32. Qxf5+ Nf6 33. Rc7+ 1-0


[Site "https://www.chess.com"]

[Event "Titled Tuesday Blitz February 07 Late 2023"]
[White "Fisher_TheGalactic"]
[Black "Figorito, Nick"]
[BlackFideId "30923689"]
[WhiteElo "2561"]
[BlackElo "2036"]
[Result "1-0"]
[Round "07"]
[TimeControl "180+2"]
[Date "2023.02.07"]
[WhiteClock "0:02:10"]
[BlackClock "0:00:48"]

1. Nf3 Nf6 2. g3 g6 3. Bg2 Bg7 4. O-O O-O 5. d3 c5 6. Nbd2 Nc6 7. e4 d6 8. c3 Rb8 9. Nh4 b5 10. f4 Ne8 11. f5 b4 12. c4 Nd4 13. Ndf3 Nc7 14. Nxd4 Bxd4+ 15. Kh1 Bg7 16. Qe2 Bb7 17. Be3 a5 18. Rf2 a4 19. Raf1 a3 20. b3 Bf6 21. Bh6 Re8 22. Qg4 Bc8 23. Qf4 Be5 24. Qf3 Bd4 25. fxg6 f6 26. gxh7+ Kxh7 27. Qh5 Ne6 28. Qf7+ 1-0


[Site "https://www.chess.com"]

[Event "Titled Tuesday Blitz February 07 Late 2023"]
[White "Melikhov, Evgeny V."]
[Black "Kleiman, Jake"]
[WhiteFideId "4122046"]
[BlackFideId "2020041"]
[WhiteElo "2269"]
[BlackElo "2399"]
[Result "1/2-1/2"]
[Round "07"]
[TimeControl "180+2"]
[Date "2023.02.07"]
[WhiteClock "0:00:27"]
[BlackClock "0:00:41"]

1. d4 Nf6 2. c4 e5 3. dxe5 Ng4 4. Bf4 Nc6 5. Nf3 Bb4+ 6. Nbd2 Qe7 7. e3 O-O 8. Be2 Ngxe5 9. Nxe5 Nxe5 10. O-O Bxd2 11. Qxd2 d6 12. Rac1 b6 13. b4 a5 14. a3 axb4 15. axb4 Bb7 16. c5 bxc5 17. bxc5 Rfd8 18. cxd6 cxd6 19. Rfd1 h6 20. f3 f5 21. Qb4 Rab8 22. Qd4 Ba8 23. h3 Kh8 24. Rd2 Qf6 25. Rcd1 Bc6 26. Bxe5 dxe5 27. Qxd8+ Rxd8 28. Rxd8+ Kh7 29. R8d6 Qg5 30. Rxc6 Qxe3+ 31. Kf1 e4 32. fxe4 fxe4 33. Rd7 Qf4+ 34. Kg1 Qe3+ 35. Kf1 Qf4+ 36. Kg1 Qe3+ 37. Kf1 1/2-1/2


[Site "https://www.chess.com"]

[Event "Titled Tuesday Blitz February 07 Late 2023"]
[White "Gurevich, Dmitry"]
[Black "Battlecruiser_Operational"]
[WhiteFideId "2000407"]
[WhiteElo "2393"]
[BlackElo "2371"]
[Result "1-0"]
[Round "07"]
[TimeControl "180+2"]
[Date "2023.02.07"]
[WhiteClock "0:00:15"]
[BlackClock "0:00:04"]

1. d4 d5 2. c4 c6 3. cxd5 cxd5 4. Bg5 Nf6 5. Bxf6 gxf6 6. Nc3 f5 7. g3 Nc6 8. e3 e6 9. Nge2 Be7 10. Nf4 Bd7 11. Bg2 Rc8 12. O-O O-O 13. Rc1 a6 14. Qh5 Bf6 15. h4 Ne7 16. Qe2 b5 17. a3 Rc4 18. b3 Rc6 19. Nd3 Nc8 20. Nc5 Nd6 21. a4 b4 22. Na2 a5 23. Rc2 Qc7 24. Nc1 Rc8 25. N1d3 Ne4 26. Bxe4 fxe4 27. Nf4 Kh8 28. Rfc1 Qd6 29. Nxd7 Qxd7 30. Qb5 Rxc2 31. Rxc2 Qd8 32. Rxc8 Qxc8 33. Qxa5 Be7 34. Nh5 h6 35. Qb5 Kh7 36. a5 Qc1+ 37. Kg2 Qd1 38. Nf4 Qf3+ 39. Kg1 Bd6 40. Qd7 Bxf4 41. Qxf7+ Kh8 42. Qxf4 Qd1+ 43. Kg2 Qxb3 44. Qxh6+ Kg8 45. Qxe6+ Kh8 46. a6 Qa4 47. Qc8+ Kg7 48. Qb7+ Kf6 49. a7 b3 50. a8=Q 1-0


[Site "https://www.chess.com"]

[Event "Titled Tuesday Blitz February 07 Late 2023"]
[White "Schuster, Karsten"]
[Black "Maltsevskaya, Aleksandra"]
[WhiteFideId "4611071"]
[BlackFideId "24174041"]
[WhiteElo "2309"]
[BlackElo "2390"]
[Result "0-1"]
[Round "07"]
[TimeControl "180+2"]
[Date "2023.02.07"]
[WhiteClock "0:00:02"]
[BlackClock "0:00:11"]

1. d4 c6 2. c4 d6 3. Nc3 Nd7 4. e4 g6 5. Be2 Bg7 6. Bg5 Ngf6 7. Qd2 O-O 8. Nf3 e5 9. d5 cxd5 10. cxd5 Nc5 11. Qc2 h6 12. Be3 b6 13. b4 Ncd7 14. h3 Qc7 15. Qd2 a5 16. Nb5 Qb8 17. bxa5 Nxe4 18. Qb4 Nec5 19. axb6 Qxb6 20. O-O Ra4 21. Qxa4 Nxa4 22. Bxb6 Ndxb6 23. Rad1 Ba6 24. Nbd4 Nc3 25. Bxa6 Nxd1 26. Nb5 Nb2 27. Nxd6 Nxd5 28. Nc4 Nxc4 29. Bxc4 Nc3 30. Re1 e4 31. Nd2 Kh8 32. Kf1 f5 33. Bb3 Kh7 34. Nc4 Ra8 35. f3 Ra7 36. fxe4 Nxe4 37. g4 Rf7 38. Kg2 Nc5 39. gxf5 Rxf5 40. Re7 Rg5+ 41. Kf1 Nxb3 42. axb3 Rg3 43. b4 Rxh3 44. b5 Rb3 45. b6 h5 46. b7 Kh6 47. Na5 Rb1+ 48. Kg2 Bf6 49. Rf7 Be5 50. Nc6 Bd6 51. Rd7 Bf4 52. Re7 h4 53. Kh3 g5 54. Kg4 Rg1+ 55. Kf5 Rb1 56. Kg4 Rb6 57. Nd4 Rb4 58. Nf5+ Kg6 59. Re6+ Kf7 60. Re7+ Kf6 61. Rh7 Bd2+ 62. Kh5 Kxf5 63. Rf7+ Ke6 64. Rc7 h3 65. Kg6 h2 66. Rh7 Bf4 0-1


[Site "https://www.chess.com"]

[Event "Titled Tuesday Blitz February 07 Late 2023"]
[White "Sztokbant, Bernardo Vainzoff"]
[Black "Rego, Pedro Filipe"]
[WhiteFideId "2115956"]
[BlackFideId "1904310"]
[WhiteElo "2213"]
[BlackElo "2312"]
[Result "1-0"]
[Round "07"]
[TimeControl "180+2"]
[Date "2023.02.07"]
[WhiteClock "0:00:02"]
[BlackClock "0:00:01"]

1. d4 Nf6 2. c4 e6 3. Nf3 d5 4. g3 dxc4 5. Bg2 c5 6. O-O Nc6 7. Be3 Nd5 8. Bg5 f6 9. Bc1 Be7 10. Na3 O-O 11. Nxc4 b5 12. Na3 Qb6 13. e3 c4 14. b3 c3 15. e4 Ndb4 16. Be3 Qa5 17. Nc2 Ba6 18. Nxb4 Bxb4 19. Bh3 Bc8 20. Bg2 Kh8 21. Nh4 Ba3 22. Qh5 Kg8 23. e5 Bd7 24. exf6 Rxf6 25. Nf3 b4 26. Ng5 h6 27. d5 Be8 28. Qg4 exd5 29. Nh3 Bf7 30. Rad1 Rd8 31. Nf4 d4 32. Nh5 Rg6 33. Qh4 1-0


[Site "https://www.chess.com"]